 Dungeon Crawl Stone Soup version 0.29-a0-90-gc37658a0fe (webtiles) character file.

Game seed: 5467750382318113630

24 lordive the Chucker (level 2, -8/28 HPs)
             Began as a Troll Hunter on Feb 7, 2022.
             Mangled by an ice beast (10 damage)
             ... on level 4 of the Dungeon.
             The game lasted 00:01:11 (701 turns).

lordive the Chucker (Troll Hunter)                   Turns: 701, Time: 00:01:12

Health: -8/28      AC:  4    Str: 19    XL:     2   Next: 79%
Magic:  1/1        EV:  9    Int:  7    God:
Gold:   40         SH:  0    Dex: 10    Spells: 1/1 levels left

rFire   . . .      SeeInvis .     - Unarmed
rCold   . . .      Faith    .   (no shield)
rNeg    . . .      Spirit   .   b - +0 robe
rPois   .          Reflect  .   (helmet restricted)
rElec   .          Harm     .   (no cloak)
rCorr   .          Rampage  .   (gloves unavailable)
Will    .....                   (boots unavailable)
Stlth   +.........              (no amulet)
HPRegen 0.89/turn               (no ring)
MPRegen 0.07/turn               (no ring)

@: no status effects
A: large, unfitting armour, claws 3, regeneration 1, shaggy fur 1, tough skin 1
a: no special abilities


You were on level 4 of the Dungeon.
You visited 1 branch of the dungeon, and saw 4 of its levels.

You collected 40 gold pieces.

Inventory:

Missiles
 c - 5 large rocks (quivered)
 d - 2 throwing nets
Armour
 b - a +0 robe (worn)
Wands
 g - a wand of acid (12)
Potions
 a - a potion of ambrosia {unknown}
 e - 2 potions of invisibility {unknown}
 f - a potion of curing {unknown}


   Skills:
 + Level 1.7 Fighting
 + Level 4.0 Throwing
 + Level 1.7 Dodging
 + Level 0.4 Stealth
 + Level 1.0 Unarmed Combat


You had one spell level left.
You didn't know any spells.
Your spell library was empty.

Dungeon Overview and Level Annotations

Branches:
Dungeon (4/15)
 Temple: D:4-7

Altars:
Trog


Innate Abilities, Weirdness & Mutations

You are too large for most types of armour.
You have claws for hands.
Your natural rate of healing is unusually fast.
You are covered in fur. (AC +1)
You have tough skin. (AC +1)


Message History

An iguana is nearby!
There is an open door here.
You scratch the iguana.
The iguana is moderately wounded.
The iguana misses you.
You scratch the iguana.
The iguana is heavily wounded.
The iguana bites you.
You completely miss the iguana.
The iguana is heavily wounded.
The iguana completely misses you.
You barely miss the iguana.
The iguana is heavily wounded.
The iguana bites you!
You scratch the iguana but do no damage.
The iguana is heavily wounded.
The iguana barely misses you.
You scratch the iguana.
The iguana is severely wounded.
The iguana bites you!
You are too injured to fight recklessly!
You are too injured to fight recklessly!
You are too injured to fight recklessly!
You are too injured to fight recklessly!
You are too injured to fight recklessly!
You are too injured to fight recklessly!
You are too injured to fight recklessly!
An iguana is nearby!
You are too injured to fight recklessly!
You barely miss the iguana.
The iguana is severely wounded.
An ice beast comes into view.
The iguana bites you!
* * * LOW HITPOINT WARNING * * *
Unknown command.
Unknown command.
The ice beast hits you.
* * * LOW HITPOINT WARNING * * *
The ice beast freezes you!
You die...

###...## ####### .......
#.....# ..... +.....+
#...# # #.....# #...###
#.#.....# #.....#
#.#.....# #.....#
#.......+ ###.....#
#....@.###.###. ......###
#.....Yl.......
......######......###.###.
......'................#
......#######..######.##
..(...# ##...#
......########...#
......'..........#
......#########..#


You could see an ice beast and an iguana.

Vanquished Creatures
  A dart slug (D:1)
  An orc (D:4)
  2 bats
  An endoplasm (D:1)
  4 goblins
  3 hobgoblins
  A quokka (D:1)
  A ball python (D:3)
  A frilled lizard (D:1)
  4 rats
19 creatures vanquished.

Notes
Turn   | Place    | Note
-------+----------+-------------------------------------------
     0 | D:1      | lordive the Troll Hunter began the quest for the Orb.
     0 | D:1      | Reached XP level 1. HP: 19/19 MP: 0/0
   224 | D:1      | Reached XP level 2. HP: 28/28 MP: 1/1
   465 | D:3      | Reached skill level 1 in Unarmed Combat
   475 | D:3      | Found a bloodstained altar of Trog.
   582 | D:3      | Reached skill level 4 in Throwing
   699 | D:4      | Noticed an ice beast
   701 | D:4      | Mangled by an ice beast

Illustrated notes

Levels and vault maps discovered:
D:1:      sevenhm_arrival_forest_fort_small_5, layout_basic, minmay_tromino_i2
D:2:      layout_basic, basic_altar, serial_glass, glass_columns_c,
          glass_columns_c, dreamdust_ecumenical_altar_angels_and_demons,
          uniq_jessica
D:3:      minmay_skewed_foursquare, layout_loops_ring,
          mainiacjoe_overflow_small_starburst,
          nicolae_hepliaklqana_ecumenical_no_more
D:4:      layout_basic, serial_rivers, chequers_serial_rivers_micro_b,
          chequers_serial_rivers_small_3, chequers_serial_rivers_micro_a,
          chequers_serial_rivers_small_a, chequers_serial_rivers_small_3,
          minmay_crossroads

Skill      XL: |  1  2 |
---------------+-------+-----
Unarmed Combat | 1 |  1.0
Throwing       | 4 |  4.0
Fighting       | |  1.7
Dodging        | |  1.7
Stealth        | |  0.4

Action                   || total
-------------------------++-------
Melee: Unarmed           ||    49
       Short sword       ||     8
Armor: Robe              ||    16
Dodge: Dodged            ||    22

Table legend: (Time is in decaauts)
 A = Elapsed time spent in this place.
 B = Non-inter-level travel time spent in this place.
 C = Inter-level travel time spent in this place.
 D = Time resting spent in this place.
 E = Time spent auto-exploring this place.
 F = Levels seen in this place.
 G = Mean time per level.
                   A        B        C        D        E       F      G
               +--------+--------+--------+--------+--------+-----+--------+
         Total |    705 |    670 |     35 |      0 |    544 |   4 |  176.2 |
       Dungeon |    705 |    670 |     35 |      0 |    544 |   4 |  176.2 |
               +--------+--------+--------+--------+--------+-----+--------+

Top non-repeatable levels by time:
     D:3: 258 daAuts
     D:1: 258 daAuts
     D:4: 118 daAuts
     D:2: 69 daAuts
